 Dungeon Crawl Stone Soup version 0.25.1-4-g9407a263a5 (webtiles) character file.

Game seed: 12531088114250662926

290 Gabide the Poker (level 6, 0/47 HPs)
             Began as a Human Fighter on Nov 28, 2020.
             Slain by a worker ant (1 damage)
             ... on level 5 of the Dungeon.
             The game lasted 00:07:57 (3452 turns).

Gabide the Poker (Human Fighter)                    Turns: 3452, Time: 00:07:58

Health: 0/47       AC:  7    Str: 18    XL:     6   Next: 58%
Magic:  15/15      EV:  8    Int:  8    God:
Gold:   29         SH:  9    Dex: 13    Spells: 5/5 levels left

rFire    . . .     SeeInvis .   a - +0 trident
rCold    . . .     Gourm    .   c - +0 kite shield
rNeg     . . .     Faith    .   b - +0 scale mail
rPois    .         Spirit   .   (no helmet)
rElec    .         Reflect  .   (no cloak)
rCorr    .         Harm     .   (no gloves)
MR       .....                  (no boots)
Stlth    ..........             (no amulet)
HPRegen  0.15/turn              j - ring of magical power
MPRegen  0.14/turn              (no ring)

@: no status effects
A: no striking features
a: no special abilities


You were on level 5 of the Dungeon.
You were hungry.

You visited 1 branch of the dungeon, and saw 5 of its levels.

You collected 29 gold pieces.

Inventory:

Hand Weapons
 a - a +0 trident (weapon)
Armour
 b - a +0 scale mail (worn)
 c - a +0 kite shield (worn)
Jewellery
 j - a ring of magical power (left hand)
Scrolls
 k - a scroll of identify
Potions
 e - a potion of flight
Comestibles
 d - 2 chunks of flesh
 f - 7 rations


   Skills:
 + Level 3.5 Fighting
 * Level 4.5 Polearms
 + Level 3.9 Armour
 * Level 1.8 Dodging
 + Level 3.8 Shields


You had 5 spell levels left.
You didn't know any spells.
Your spell library was empty.

Dungeon Overview and Level Annotations

Branches:
Dungeon (5/15)
 Temple: D:4-7

Altars:
Fedhas

Annotations:
D:5 Ijyb


Message History

The hound barely misses you.
There is a stone staircase leading down here.
You block the worker ant's attack. The hound bites you.
* * * LOW HITPOINT WARNING * * *
You climb downwards.
Reactivating autopickup.
Found a stone staircase leading down.
There is a stone staircase leading up here.
The hound completely misses you.
Ijyb the Twisted Goblin comes into view.
She is wielding a +0 dagger and carrying a wand of random effects (22).
Ijyb shouts!
The hound bites you.
* * * LOW HITPOINT WARNING * * *
You block the worker ant's attack. Ijyb screams, "I cut your head off!"
You hit the worker ant but do no damage.
The hound bites you.
* * * LOW HITPOINT WARNING * * *
The hound bites you but does no damage. The worker ant bites you.
You die...

#.........
#............ .
............ ..
........... ..>
..........###....
.................
.................
.g......h<.......
.......@a......#.
.......####.....#
###..## ..##.#
#.. ## . ... ##


You could see Ijyb, a hound and a worker ant.

Vanquished Creatures
  A bullfrog (D:3)
  A scorpion (D:4)
  An orc priest (D:3)
  An orc wizard (D:3)
  3 adders (D:2)
  A worm (D:3)
  4 dart slugs
  2 leopard geckos
  3 orcs (D:3)
  10 bats
  2 giant cockroaches (D:3)
  10 goblins
  8 hobgoblins
  4 jackals (D:3)
  A quokka (D:3)
  4 ball pythons
  4 frilled lizards
  8 kobolds
  6 rats
74 creatures vanquished.

Vanquished Creatures (others)
  A hobgoblin (D:1)
1 creature vanquished.

Grand Total: 75 creatures vanquished

Notes
Turn   | Place    | Note
-------+----------+-------------------------------------------
     0 | D:1      | Gabide the Human Fighter began the quest for the Orb.
     0 | D:1      | Reached XP level 1. HP: 18/18 MP: 1/1
   142 | D:1      | Reached XP level 2. HP: 24/24 MP: 2/2
   293 | D:1      | Reached XP level 3. HP: 29/29 MP: 3/3
  1271 | D:2      | Reached XP level 4. HP: 35/35 MP: 4/4
  1313 | D:2      | Reached skill level 3 in Polearms
  1900 | D:3      | Reached XP level 5. HP: 40/41 MP: 5/5
  1917 | D:3      | Reached skill level 1 in Dodging
  2165 | D:3      | Found a blossoming altar of Fedhas.
  2901 | D:3      | Noticed a bullfrog
  2918 | D:3      | Killed a bullfrog
  2918 | D:3      | Reached skill level 4 in Polearms
  2918 | D:3      | Reached XP level 6. HP: 14/47 MP: 6/6
  3449 | D:5      | Entered Level 5 of the Dungeon
  3451 | D:5      | Noticed Ijyb
  3452 | D:5      | HP: 1/47 [hound (3)]
  3452 | D:5      | Slain by a worker ant

Illustrated notes

Levels and vault maps discovered:
D:1:      psy_arrival_dodecagon, layout_basic, lemuel_old_faithful
D:2:      layout_basic
D:3:      minmay_angry_zag, layout_basic, fedhas_altar_fruit_tree,
          serial_co_window_serial, co_window_paths_a, co_window_paths_b,
          co_window_cross_1, co_window_corner_a, co_window_paths_b,
          co_window_corner_b, co_window_unsneaky_path_c, co_window_broadway_b,
          co_window_unsneaky_path_a, co_window_of_opportunity_b,
          co_window_corner_b, co_window_paths_d, co_window_4corner_a
D:4:      layout_layer_cave, first_ration, enter_ossuary_1, minmay_door_square
D:5:      layout_layer_cave, chequers_decorated_corner, minmay_manual_mess,
          uniq_eustachio, uniq_ijyb

Skill      XL: |  1  2  3  4  5 |
---------------+----------------+-----
Polearms       | 3 4 |  4.5
Dodging        | 1 |  1.8
Fighting       | |  3.5
Armour         | |  3.9
Shields        | |  3.8

Action                   |  1- 3 |  4- 6 || total
-------------------------+-------+-------++-------
Melee: Trident           |   106 |   181 ||   287
  Use: Scroll            |     3 |     3 ||     6
       Potion            |       |     5 ||     5
  Eat: Chunk             |     1 |     7 ||     8
Armor: Scale mail        |    32 |    63 ||    95
Dodge: Dodged            |    24 |    60 ||    84
Block: Kite shield       |    44 |    78 ||   122
